 Dungeon Crawl Stone Soup version 0.30-a0-1161-g0704695555 (webtiles) character file.

Game seed: 11985379181389740004

36545 senseless the Fighter (level 13, 0/168 HPs)
             Began as an Ogre Transmuter on Apr 27, 2023.
             Was a High Priest of Makhleb.
             Slain by a death yak (3 damage)
             ... while petrified by a basilisk
             ... on level 3 of the Lair of Beasts.
             The game lasted 00:58:14 (21033 turns).

senseless the Fighter (Ogre Transmuter)            Turns: 21033, Time: 00:58:15

Health: 0/168      AC:  9    Str: 17    XL:     13   Next: 91%
Magic:  25/27      EV:  1    Int: 18    God:    Makhleb [*****.]
Gold:   466        SH:  0    Dex:  9    Spells: 9/32 levels left

rFire   x .          .
                       - Unarmed
rCold   + + +        (shield currently unavailable)
rNeg    + + +        C - melded +1 steam dragon scales
rPois   ∞            v - melded +2 hat
rElec   .            S - melded +1 cloak
rCorr   .            (gloves unavailable)
SInv    .            (boots unavailable)
Will    +....        z - amulet of reflection
Stlth   +            f - +5 ring of evasion
HPRegen 0.48/turn    g - +5 ring of evasion
MPRegen 0.20/turn

%: reflection
@: ice-form, petrified, wereblooded
A: freezing attack, amphibious, boosted hp, large, unfitting armour, (tough skin
1)
a: End Transformation, Renounce Religion, Minor Destruction, Lesser Servant of
Makhleb, Major Destruction, Greater Servant of Makhleb


You were on level 3 of the Lair of Beasts.
You worshipped Makhleb.
Makhleb was extremely pleased with you.
You were a creature of crystalline ice.
You visited 3 branches of the dungeon, and saw 19 of its levels.
You also visited: Ossuary.

You collected 1728 gold pieces.
You spent 1262 gold pieces at shops.

Inventory:

Hand Weapons
 c - the +5 long sword of the Sea {vamp, Str+5 Dex+4}
   (You found it on level 1 of the Lair of Beasts)

   Str:       It affects your strength (+5).
   Dex:       It affects your dexterity (+4).
 j - the +3 falchion of the Moon {speed, rPois rC- rN+ Will+}
   (You found it on level 7 of the Dungeon)

   rC:        It makes you vulnerable to cold.
   rPois:     It protects you from poison.
   rN:        It protects you from negative energy.
   Will:      It increases your willpower.
 w - the +2 spear of Niuxkoem {drain, Fly}
   (You found it on level 6 of the Dungeon)

   Fly:       It grants you flight.
 y - a +2 heavy flail
 N - the +11 rapier of the Dark Horse {flame, Fragile rPois Str+4 Stlth+}
   (You found it on level 11 of the Dungeon)

   Str:       It affects your strength (+4).
   rPois:     It protects you from poison.
   Fragile:   It will be destroyed if unequipped.
   Stlth:     It makes you more stealthy.
Armour
 a - a +2 robe
 i - a +0 kite shield
 v - a +2 hat (melded)
 C - +1 steam dragon scales (melded)
 K - a +0 tower shield
 O - +0 acid dragon scales
 S - a +1 cloak (melded)
Magical Staves
 o - a staff of earth
Jewellery
 d - a ring of flight
 f - a +5 ring of evasion (left front paw)
 g - a +5 ring of evasion (right front paw)
 k - a +6 ring of dexterity
 x - a +5 ring of evasion
 z - an amulet of reflection (around neck)
 D - a ring of poison resistance
 L - a +4 ring of protection
 Y - an amulet of magic regeneration
Wands
 r - a wand of light (15)
 E - a wand of paralysis (24)
 J - a wand of iceblast (13)
 T - a wand of polymorph (5)
 U - a wand of flame (8)
Scrolls
 h - 5 scrolls of poison
 l - 6 scrolls of teleportation
 m - 5 scrolls of fog
 I - 4 scrolls of enchant weapon
 P - a scroll of summoning
 Q - 2 scrolls of amnesia
 R - 2 scrolls of blinking
 X - a scroll of enchant armour
 Z - 3 scrolls of identify
Potions
 b - 6 potions of lignification
 e - 14 potions of curing
 n - 11 potions of heal wounds
 p - 7 potions of resistance
 q - 4 potions of berserk rage
 s - 5 potions of flight
 u - 7 potions of mutation
 A - a potion of magic
 B - a potion of cancellation
 G - 2 potions of invisibility
 H - 2 potions of attraction
 V - 2 potions of might
 W - a potion of haste


   Skills:
 + Level 12.0 Fighting
 + Level 8.7 Dodging
 - Level 3.4 Shields
 + Level 8.9 Unarmed Combat
 + Level 10.4 Spellcasting
 + Level 8.7 Transmutations
 - Level 6.2 Ice Magic
 * Level 7.3 Earth Magic
 - Level 3.8 Poison Magic


You had 9 spell levels left.
You knew the following spells:

 Your Spells              Type           Power      Damage    Failure   Level
a - Beastly Appendage     Tmut           80%        N/A       1%          1
b - Wereblood             Tmut           40%        N/A       1%          2
c - Spider Form           Tmut/Pois      32%        N/A       1%          3
d - Ice Form              Ice/Tmut       36%        N/A       3%          4
e - Statue Form           Tmut/Erth      25%        N/A       41%         6
f - Dragon Form           Tmut           20%        N/A       88%         7

Your spell library contained the following spells:

 Spells                   Type           Power      Damage    Failure   Level
 Frozen Ramparts          Ice            62%        1d10      1%          3
 Petrify                  Tmut/Erth      38%        N/A       2%          4
 Stone Arrow              Conj/Erth      44%        3d9       4%          3
 Hailstorm                Conj/Ice       20%        3d6       6%          3
 Foxfire                  Conj/Fire      36%        2x1d5     8%          1
 Kiss of Death            Conj/Necr      36%        2d8       8%          1
 Magic Dart               Conj           36%        1d4       8%          1
 Slow                     Hex            36%        N/A       8%          1
 Lesser Beckoning         Tloc           18%        N/A       12%         2
 Searing Ray              Conj           18%        2d5       12%         2
 Mephitic Cloud           Conj/Pois/Air  14%        N/A       14%         3
 Animate Armour           Summ/Erth      44%        N/A       17%         4
 Confusing Touch          Hex            9%         N/A       22%         3
 Gell's Gravitas          Tloc           9%         N/A       22%         3
 Teleport Other           Tloc           9%         N/A       22%         3
 Tukima's Dance           Hex            9%         N/A       22%         3
 Vampiric Draining        Necr           9%         2d6       22%         3
 Summon Ice Beast         Ice/Summ       20%        N/A       22%         4
 Yara's Violent Unravell  Hex/Tmut       12%        3d7       34%         5
 Metabolic Englaciation   Hex/Ice        10%        N/A       52%         5
 Cause Fear               Hex            4%         N/A       58%         4
 Dispel Undead            Necr           9%         3d8       58%         4
 Flame Wave               Conj/Fire      9%         2d6       58%         4
 Fulminant Prism          Conj/Hex       4%         3d5       58%         4
 Passage of Golubria      Tloc           9%         N/A       58%         4
 Fireball                 Conj/Fire      4%         3d4       91%         5
 Plasma Beam              Fire/Air       4%         2x1d16    100%        6
 Starburst                Conj/Fire      4%         6d4       100%        6
 Lehudib's Crystal Spear  Conj/Erth      11%        10d4      100%        8
 Dragon's Call            Summ           4%         N/A       100%        9


Dungeon Overview and Level Annotations

Branches:
Dungeon (15/15)            Temple (1/1) D:4            Lair (3/5) D:9
    Orc (0/2) D:12         Vaults (0/5) D:13         Depths (0/4) D:15
Ossuary (visited)
  Swamp: Lair:2-3    Shoals: Lair:2-3     Snake: Lair:2-3    Spider: Lair:2-3

Altars:
Ashenzari
Cheibriados
Dithmenos
Elyvilon
Fedhas
Gozag
Hepliaklqana
Kikubaaqudgha
Makhleb
Nemelex Xobeh
Okawaru
Qazlal
Ru
Sif Muna
Trog
Uskayaw
Vehumet
Wu Jian
Xom
Yredelemnul
Zin
The Shining One

Shops:
D:1 !   D:4 =!:

Annotations:
Lair:3 Sonja


Innate Abilities, Weirdness & Mutations

You are a creature of crystalline ice.
You have a powerful freezing melee attack.
You are amphibious.
Your maximum health is increased.
You are immune to poison.
Your armour is entirely melded.
You are incapable of wielding weapons or throwing items.
You are too large for most types of armour.
((You have tough skin. (AC +1)))


Message History

The death yak attacks as you move away! The death yak completely misses you.
The basilisk bites you but does no damage.
The dream sheep ruffles its wool and motes of dream dust sparkle, to no effect.
The death yak gores you! The basilisk gazes at you.
You easily resist.
You have turned to stone.
The death yak gores you!! x3
* * * LOW HITPOINT WARNING * * *
The death yak gores you but does no damage.
The death yak gores you.
* * * LOW HITPOINT WARNING * * *
The death yak completely misses you. The death yak gores you!
* * * LOW HITPOINT WARNING * * *
The teleport trap disappears.
The dream sheep disappears!
The death yak gores you.
* * * LOW HITPOINT WARNING * * *
The death yak gores you!
* * * LOW HITPOINT WARNING * * *
The death yak completely misses you. The death yak gores you!
* * * LOW HITPOINT WARNING * * *
The death yak gores you!
* * * LOW HITPOINT WARNING * * *
The death yak gores you.
You howl as the wereblood boils in your veins!
You hear a bleat!
Sonja, the Graceful Assassin comes into view.
She is wielding a +2 short sword of distortion and quivering curare-tipped darts.
The death yak gores you!
* * * LOW HITPOINT WARNING * * *
The death yak gores you!
* * * LOW HITPOINT WARNING * * *
The death yak gores you!
* * * LOW HITPOINT WARNING * * *
You howl as the wereblood boils in your veins!
Sonja shouts!
The death yak gores you!!
* * * LOW HITPOINT WARNING * * *
A dream sheep comes into view.
The death yak gores you.
You die...

#..............
................
###..............
P.P.............#
.................
...........#.....
........Y....[.♣
..K....YYl.#
........Y.##
..........#
..........#
#####.....+
##..... #......
..Y.....


You could see 3 death yaks, a basilisk, Sonja and a dream sheep.

Vanquished Creatures
  2 hydras
  An ice dragon (D:13)
  A catoblepas (D:13)
  2 centaur warriors (D:15)
  3 two-headed ogres
  A deep troll (D:13)
  A deep elf archer (D:14)
  3 deep elf pyromancers
  4 ugly things (D:14)
  A necromancer (D:13)
  9 cyclopes
  A manticore (D:14)
  A black mamba (Lair:2)
  Maurice (D:12)
  3 gargoyles
  5 cane toads
  A rime drake (shapeshifter) (D:13)
  3 kobold demonologists
  2 trolls
  A polar bear (Lair:2)
  2 hornets
  3 blink frogs (Lair:1)
  5 slime creatures
  A shadow (D:13)
  4 wraiths
  41 yaks
  2 wyverns (Lair:2)
  4 fire bats (D:10)
  3 basilisks
  5 steam dragons (D:8)
  17 vampire mosquitoes
  5 water moccasins
  3 acid dragons
  A hell hound (D:10)
  2 orc warriors
  6 black bears
  3 sky beasts
  3 ogres
  5 centaurs
  4 kobold brigands
  3 wyvern zombies (Ossuary)
  A gnoll sergeant (D:9)
  5 bullfrogs
  A water moccasin zombie (Ossuary)
  2 scorpions
  A wight (D:9)
  13 killer bees
  2 howler monkeys
  2 lava snakes (D:10)
  2 bullfrog zombies (Ossuary)
  5 centaur zombies (Ossuary)
  3 orc priests
  2 hounds (D:6)
  12 mummies (Ossuary)
  A sleepcap (D:4)
  11 orc wizards
  3 iguanas (D:5)
  2 killer bee zombies (Ossuary)
  A howler monkey zombie (Ossuary)
  10 gnolls
  11 adders
  2 white imps
  2 ufetubi (D:5)
  2 dart slugs (D:2)
  39 orcs
  4 ball pythons
  7 endoplasms
  4 giant cockroaches
  8 goblins
  10 hobgoblins
  4 jackals (D:1)
  25 kobolds
  A quokka (D:1)
  12 bats
  6 frilled lizards
  4 rats
  2 fire vortices (D:10)
390 creatures vanquished.

Vanquished Creatures (others)
  Nessos (D:12)
  A kobold brigand (D:8)
  An orc wizard (D:5)
  2 orcs (D:5)
  2 kobolds (D:8)
  A fire vortex (D:10)
  A fungus (Lair:3)
  3 plants (D:5)
  10 withered plants (Ossuary)
22 creatures vanquished.

Grand Total: 412 creatures vanquished

Notes
Turn   | Place    | Note
-------+----------+-------------------------------------------
     0 | D:1      | senseless the Ogre Transmuter began the quest for the Orb.
     0 | D:1      | Reached XP level 1. HP: 19/19 MP: 3/3
   210 | D:1      | Reached XP level 2. HP: 28/28 MP: 3/5
   244 | D:1      | Found Wuse Qosu's Distillery.
   408 | D:1      | Reached skill level 2 in Fighting
   607 | D:1      | Reached XP level 3. HP: 28/35 MP: 5/7
  1103 | D:2      | Learned a level 2 spell: Wereblood
  1257 | D:2      | Reached XP level 4. HP: 44/44 MP: 6/8
  1786 | D:2      | Learned a level 3 spell: Spider Form
  2111 | D:3      | Reached XP level 5. HP: 43/52 MP: 7/9
  2429 | D:3      | Learned a level 4 spell: Ice Form
  2579 | D:4      | Found Biwiotedwe's Book Shop.
  2579 | D:4      | Found Deuh's Distillery.
  2579 | D:4      | Found Deukil's Jewellery Shop.
  2602 | D:4      | Noticed a black bear
  2612 | D:4      | Killed a black bear
  2613 | D:4      | Reached skill level 3 in Fighting
  2646 | D:4      | Reached XP level 6. HP: 51/61 MP: 11/11
  2711 | D:4      | Bought a potion of heal wounds for 70 gold pieces
  2711 | D:4      | Bought a potion of curing for 42 gold pieces
  2711 | D:4      | Bought a potion of degeneration for 14 gold pieces
  2711 | D:4      | Bought a potion of heal wounds for 70 gold pieces
  2739 | D:4      | Reached skill level 1 in Ice Magic
  2739 | D:4      | Reached skill level 1 in Poison Magic
  2884 | D:4      | Noticed a black bear
  2897 | D:4      | Killed a black bear
  2898 | D:4      | Reached XP level 7. HP: 42/68 MP: 11/13
  2988 | D:4      | Found a staircase to the Ecumenical Temple.
  3036 | Temple   | Entered the Ecumenical Temple
  3118 | Temple   | Became a worshipper of Makhleb the Destroyer
  3710 | D:5      | Entered Level 5 of the Dungeon
  3722 | D:5      | Reached skill level 4 in Fighting
  3726 | D:5      | Found a sand-covered staircase.
  3740 | Ossuary  | Entered an ossuary
  3890 | Ossuary  | Reached XP level 8. HP: 38/79 MP: 12/14
  4415 | Ossuary  | Reached skill level 5 in Fighting
  4513 | Ossuary  | Reached * piety under Makhleb
  4556 | Ossuary  | Reached skill level 5 in Spellcasting
  5889 | D:5      | Identified a scroll of acquirement
  5889 | D:5      | Acquired a +0 hat
  5940 | D:6      | Reached XP level 9. HP: 88/88 MP: 15/17
  6122 | D:6      | Identified the +2 spear of Niuxkoem {drain, Fly}
  6610 | D:6      | Reached ** piety under Makhleb
  6733 | D:6      | Reached skill level 6 in Fighting
  7780 | D:7      | Reached skill level 5 in Unarmed Combat
  8376 | D:7      | Identified the +3 falchion of the Moon {speed, rPois rC-
                  | rN+ Will+}
  8648 | D:8      | Reached skill level 1 in Shields
  8685 | D:8      | Noticed a hornet
  8709 | D:8      | Killed a hornet
  8710 | D:8      | Reached skill level 5 in Transmutations
  8950 | D:8      | Reached skill level 5 in Dodging
  9320 | D:8      | Reached skill level 7 in Fighting
  9320 | D:8      | Reached XP level 10. HP: 40/102 MP: 19/19
  9646 | D:8      | Acquired Vehumet's Opusculum on the Fifth Circle
 10311 | D:9      | Noticed a two-headed ogre
 10331 | D:9      | Killed a two-headed ogre
 10796 | D:9      | Found a staircase to the Lair.
 10941 | D:9      | Reached skill level 5 in Ice Magic
 11102 | D:10     | Entered Level 10 of the Dungeon
 11266 | D:10     | Reached skill level 8 in Fighting
 11537 | D:10     | Noticed a two-headed ogre
 11548 | D:10     | Killed a two-headed ogre
 11549 | D:10     | Reached XP level 11. HP: 67/113 MP: 17/22
 11763 | D:10     | Reached *** piety under Makhleb
 11984 | D:10     | Found a shimmering blue altar of Sif Muna.
 12355 | D:10     | Reached skill level 9 in Fighting
 12883 | D:11     | Identified the +11 rapier of the Dark Horse {flame, Fragile
                  | rPois Str+4 Stlth+}
 13201 | D:11     | Noticed a cyclops
 13211 | D:11     | Killed a cyclops
 13616 | D:11     | Noticed a cyclops
 13625 | D:11     | Killed a cyclops
 13963 | D:4      | Bought a book of Sloth for 468 gold pieces
 13970 | D:4      | Learned a level 6 spell: Statue Form
 14113 | Lair:1   | Entered Level 1 of the Lair of Beasts
 14188 | D:12     | Found a staircase to the Orcish Mines.
 14366 | D:12     | Reached skill level 1 in Earth Magic
 14397 | D:12     | Reached XP level 12. HP: 126/126 MP: 24/24
 14521 | D:12     | Reached **** piety under Makhleb
 14610 | D:12     | Reached skill level 10 in Fighting
 14839 | D:12     | Noticed Nessos
 14846 | D:12     | Killed Nessos
 15348 | D:12     | Noticed Maurice
 15367 | D:12     | Killed Maurice
 15567 | D:13     | Noticed a seven-headed hydra
 15577 | D:13     | Killed a seven-headed hydra
 15645 | D:13     | Found a broken altar of Ashenzari.
 15860 | D:13     | Acquired 619 gold pieces
 16107 | D:4      | Bought a book of the Dragon for 598 gold pieces
 16115 | D:4      | Learned a level 7 spell: Dragon Form
 16345 | D:13     | Noticed an ice dragon
 16357 | D:13     | Killed an ice dragon
 16452 | D:13     | Found a gate to the Vaults.
 16502 | D:13     | Noticed a catoblepas
 16511 | D:13     | Killed a catoblepas
 16751 | D:13     | Reached skill level 5 in Earth Magic
 16808 | D:13     | Reached skill level 11 in Fighting
 17018 | D:13     | Reached XP level 13. HP: 137/137 MP: 22/26
 17451 | D:14     | Found a stormy altar of Qazlal.
 17453 | D:14     | Found a shimmering altar of Xom.
 17453 | D:14     | Found an opulent altar of Gozag.
 17477 | D:14     | Found an ornate altar of the Wu Jian Council.
 17477 | D:14     | Found an ornate altar of the Wu Jian Council.
 17477 | D:14     | Found a hazy altar of Hepliaklqana.
 17522 | D:14     | Reached ***** piety under Makhleb
 18547 | D:15     | Entered Level 15 of the Dungeon
 18624 | D:15     | Reached skill level 10 in Spellcasting
 18833 | D:15     | Noticed a dire elephant
 18841 | D:15     | Found a staircase to the Depths.
 18849 | D:15     | HP: 2/164 [salamander/+1 trident (19)]
 19808 | Lair:1   | Identified the +5 long sword of the Sea {vamp, Str+5 Dex+4}
 20521 | Lair:2   | Reached skill level 12 in Fighting
 21032 | Lair:3   | Noticed Sonja
 21033 | Lair:3   | HP: 3/168 [death yak (11)]
 21033 | Lair:3   | Slain by a death yak

Illustrated notes

Levels and vault maps discovered:
D:1:      dpeg_arrival_yet_another_circle, layout_basic, serial_curves,
          eino_curves_02, eino_curves_03, serial_shops, shop,
          minmay_small_reverse_x
D:2:      layout_basic
D:3:      layout_rooms, minivault_26, guppyfry_early_orc_mine
D:4:      layout_loops_ring, minmay_temple_entry_overgrown,
          minmay_stone_trees_small, nicolae_shop_distant_corner_stores,
          kennysheep_generic_room_5
D:5:      corexii_shack_village, layout_loops_ring,
          lightli_ossuary_entry_decrepit_ruins
D:6:      layout_layer_cave, minivault_24, hex_medium
D:7:      layout_loops_cross, serial_bayou_crossing
D:8:      layout_basic, minmay_bent
D:9:      layout_basic, dpeg_oklobed_lair, minmay_starry_boxes
D:10:     layout_stronghold, nicolae_sif_muna_condensation,
          hangedman_incinerator
D:11:     layout_basic
D:12:     layout_irregular_city, orc_0_dummy, uniq_maurice, uniq_nessos
D:13:     layout_loops_corners, david_vaults_4, nicolae_ashenzari_panopticon
D:14:     layout_roguey, doesnt_xom_only_xom
D:15:     hangedman_depths_entry_try_elsewhere_first, layout_cave_pools
Temple:   grunt_wide_crystal_templ
Lair:1:   layout_gridlike
Lair:2:   layout_long_grid
Lair:3:   layout_chaotic_city, palyth_hydra_swamp_entry,
          hellmonk_spider_entry_life_and_decay, minivault_19,
          eino_house_with_fridge, grunt_megastairs_3, uniq_sonja

Skill      XL: |  1  2  3  4  5  6  7  8  9 10 11 12 13 |
---------------+----------------------------------------+-----
Dodging        | 2 3 4 5 6 7 8 |  8.7
Transmutations | 2 3 4 5 6 7 8 |  8.7
Fighting       | 2 3 4 5 7 8 9 11 12 | 12.0
Unarmed Combat | 3 4 5 6 7 8 |  8.9
Spellcasting   | 3 4 5 6 7 8 9 10 | 10.4
Ice Magic      | 1 2 3 4 5 6 |  6.2
Poison Magic   | 1 2 3 |  3.8
Shields        | 1 3 |  3.4
Earth Magic    | 1 5 7 |  7.3

Action                     |  1- 3 |  4- 6 |  7- 9 | 10-12 | 13-15 || total
---------------------------+-------+-------+-------+-------+-------++-------
  Melee: Unarmed           |   117 |   130 |   508 |   576 |   277 ||  1608
         Kick              |    15 |    31 |   138 |    50 |       ||   234
         Headbutt          |     8 |    28 |    90 |    30 |       ||   156
         Punch             |     2 |     1 |    12 |     7 |     2 ||    24
   Cast: Beastly Appendage |    23 |    32 |    64 |    15 |       ||   134
         Wereblood         |       |     2 |    10 |    17 |    11 ||    40
         Ice Form          |       |       |     1 |    42 |    31 ||    74
         Spider Form       |       |       |       |     1 |       ||     1
    Use: Scroll            |       |     6 |    14 |     8 |     8 ||    36
         Potion            |       |       |       |       |     2 ||     2
   Stab: Sleeping          |       |     1 |       |       |       ||     1
 Armour: Robe              |    35 |    33 |    69 |       |       ||   137
         Steam dragon scal |       |       |     8 |    33 |       ||    41
         Skin              |       |       |       |    48 |    78 ||   126
  Dodge: Dodged            |    95 |    94 |   466 |   699 |   325 ||  1679
  Block: Other             |       |       |    17 |   180 |    77 ||   274
         Reflection        |       |       |     1 |     6 |     4 ||    11

Table legend: (Time is in decaauts)
 A = Elapsed time spent in this place.
 B = Non-inter-level travel time spent in this place.
 C = Inter-level travel time spent in this place.
 D = Time resting spent in this place.
 E = Time spent auto-exploring this place.
 F = Levels seen in this place.
 G = Mean time per level.
                   A        B        C        D        E       F      G
               +--------+--------+--------+--------+--------+-----+--------+
         Total |  20920 |  18341 |   2579 |    844 |  14282 |  20 | 1046.0 |
       Dungeon |  18124 |  15728 |   2396 |    771 |  12292 |  15 | 1208.3 |
        Temple |     90 |     66 |     24 |      0 |     28 |   1 |   90.0 |
          Lair |   1764 |   1605 |    159 |      0 |   1333 |   3 |  588.0 |
       Ossuary |    941 |    941 |      0 |     73 |    629 |   1 |  941.0 |
               +--------+--------+--------+--------+--------+-----+--------+

Top non-repeatable levels by time:
    D:10: 1729 daAuts
     D:6: 1708 daAuts
     D:7: 1463 daAuts
    D:14: 1405 daAuts
    D:13: 1405 daAuts
     D:5: 1399 daAuts
     D:9: 1354 daAuts
    D:12: 1346 daAuts
    D:11: 1145 daAuts
     D:4: 1122 daAuts
     D:8: 1115 daAuts
     D:1: 996 daAuts
 Ossuary: 941 daAuts
  Lair:2: 879 daAuts
  Lair:1: 860 daAuts
